 Dungeon Crawl Stone Soup version 0.22-a0-402-ga933591 (webtiles) character file.

2105 erloom the Martial Artist (level 8, -7/59 HPs)
             Began as a Demigod Transmuter on May 6, 2018.
             Mangled by Menkaure (17 damage)
             ... on level 7 of the Dungeon on May 7, 2018.
             The game lasted 00:20:48 (7864 turns).

erloom the Martial Artist (Demigod Transmuter)      Turns: 7864, Time: 00:20:49

Health: -7/59      AC: 10    Str: 13    XL:     8   Next: 80%
Magic:  23/23      EV:  9    Int: 21    God:
Gold:   93         SH:  0    Dex: 16    Spells: 3/11 levels left

rFire    x . .     SeeInvis .     - Unarmed
rCold    . . .     Gourm    .   (no shield)
rNeg     . . .     Faith    .   B - +1 scale mail "Gaustam" {rElec rF- Slay+2}
rPois    .         Spirit   .   (no helmet)
rElec    +         Reflect  .   (no cloak)
rCorr    .         Harm     .   g - +0 pair of gloves
MR       .....                  M - +1 pair of boots
Stlth    ..........             (no amulet)
HPRegen  0.19/turn              y - ring of magical power
MPRegen  0.18/turn              (no ring)

@: hasted, very quick
A: high mp 1
a: no special abilities


You were on level 7 of the Dungeon.
You were not hungry.

You visited 1 branch of the dungeon, and saw 7 of its levels.
You also visited: Sewer.

You collected 258 gold pieces.
You spent 165 gold pieces at shops.

Inventory:

Hand Weapons
 b - a +0 shortbow
 w - a +0 whip of flaming
Missiles
 a - 100 arrows
 r - 3 exploding tomahawks
 F - 6 tomahawks (quivered)
 J - 2 tomahawks of returning
Armour
 g - a +0 pair of gloves (worn)
 i - a +0 leather armour
 s - a +0 chain mail
 x - a +0 ring mail
 B - the +1 scale mail "Gaustam" (worn) {rElec rF- Slay+2}
   (You found it on level 4 of the Dungeon)

   It affects your accuracy and damage with ranged weapons and melee attacks
   (+2).
   It makes you vulnerable to fire.
   It insulates you from electricity.
 E - a +0 robe
 M - a +1 pair of boots (worn)
Jewellery
 y - a ring of magical power (left hand)
Wands
 D - a wand of acid (7)
 K - a wand of polymorph (6)
Scrolls
 f - 2 scrolls of noise {unknown}
 h - a scroll of enchant weapon {unknown}
 l - 5 scrolls of remove curse {unknown}
 o - a scroll of teleportation {unknown}
 p - 2 scrolls of immolation {unknown}
 q - a scroll of magic mapping {unknown}
 t - a scroll of random uselessness {unknown}
 v - 2 scrolls of enchant armour {unknown}
 C - a scroll of amnesia {unknown}
 L - a scroll of identify
 N - a scroll of vulnerability {unknown}
Potions
 c - 3 potions of haste
 e - 5 potions of curing
 j - a potion of degeneration
 k - a potion of mutation
 m - a potion of invisibility
 n - 3 potions of flight
 u - 2 potions of ambrosia {unknown}
 z - 4 potions of heal wounds {unknown}
 G - 2 potions of resistance {unknown}
 H - a potion of berserk rage {unknown}
 I - 2 potions of agility {unknown}
Comestibles
 d - 12 rations
 A - 8 chunks of flesh


   Skills:
 - Level 1.0 Fighting
 - Level 2.0 Dodging
 + Level 9.2 Unarmed Combat
 - Level 2.1 Spellcasting
 + Level 6.5 Transmutations


You had 3 spell levels left.
You knew the following spells:

 Your Spells              Type           Power        Failure   Level  Hunger
a - Beastly Appendage     Tmut           ####..       4%          1    #......
b - Sticks to Snakes      Tmut           ####....     8%          2    ##.....
c - Blade Hands           Tmut           ####......   80%         5    ######.


Dungeon Overview and Level Annotations

Branches:
Dungeon (7/15)             Temple (0/1) D:6

Shops:
D:7 [

Annotations:
D:6 1 exclusion
D:7 2 transporters, Menkaure


Innate Abilities, Weirdness & Mutations

You have an increased reservoir of magic. (+10% MP)


Message History

* * * LOW HITPOINT WARNING * * *
Sorry, you're not good enough to have a special ability.
Unknown command.
You feel better.
Okay, then.
Press: ? - help, v - describe, . - travel
Here: Menkaure (heavily damaged)
The floor.
Unknown command.
You feel yourself speed up.
Menkaure calls on the powers of darkness!
Your body is wracked with pain!
* * * LOW HITPOINT WARNING * * *
Unknown command.
Unknown command.
You barely miss Menkaure.
Menkaure is heavily damaged.
Menkaure's bandages flutter.
Menkaure hits you!
You die...

#... .. #.#
.### #.# # #.#
##.####.#
........#######
##.####........
#.####### #.#
#@# #..M.#
#.#### .. ...
##


You could see Menkaure.

Vanquished Creatures
  Pikel (D:7)
  2 orc warriors (D:6)
  3 slaves (D:7)
  3 ice beasts (D:5)
  2 sky beasts (D:5)
  2 centaurs
  A big kobold (Sewer)
  A bullfrog (D:6)
  A crimson imp (D:5)
  A bullfrog zombie (D:3)
  3 orc priests
  A hound (D:7)
  9 orc wizards
  Jessica (D:2)
  An iguana (D:6)
  A worker ant (D:5)
  A hound skeleton (D:7)
  A worker ant zombie (D:5)
  3 gnolls
  5 adders
  2 river rats
  An ooze (D:4)
  An adder zombie (D:5)
  A worm (D:4)
  A dart slug (D:1)
  7 leopard geckos
  23 orcs
  3 bats (D:1)
  5 giant cockroaches
  5 hobgoblins
  6 jackals
  2 quokkas
  A ball python (D:4)
  4 frilled lizards
  6 goblins
  A jackal zombie (D:5)
  12 kobolds
  2 leopard gecko zombies
  11 rats
137 creatures vanquished.

Notes
Turn   | Place    | Note
-------+----------+-------------------------------------------
     0 | D:1      | erloom the Demigod Transmuter began the quest for the Orb.
     0 | D:1      | Reached XP level 1. HP: 15/15 MP: 5/5
    28 | D:1      | Reached skill level 1 in Fighting
   315 | D:1      | Reached skill level 3 in Unarmed Combat
   663 | D:1      | Reached XP level 2. HP: 21/23 MP: 7/7
  1621 | D:2      | Found a glowing silver altar of Zin.
  1672 | D:2      | Noticed Jessica
  1685 | D:2      | Killed Jessica
  1685 | D:2      | Reached skill level 4 in Unarmed Combat
  1685 | D:2      | Reached XP level 3. HP: 28/28 MP: 8/8
  1695 | D:2      | Learned a level 2 spell: Sticks to Snakes
  2984 | D:3      | Reached XP level 4. HP: 32/35 MP: 9/9
  3027 | D:2      | Reached skill level 5 in Unarmed Combat
  3269 | D:3      | Reached XP level 5. HP: 37/40 MP: 10/10
  3682 | D:3      | Found a shadowy altar of Dithmenos.
  3696 | D:3      | Reached skill level 6 in Unarmed Combat
  3914 | D:4      | Found an opulent altar of Gozag.
  4002 | D:4      | Got a black opal-encrusted scale mail
  4016 | D:4      | Identified the +1 scale mail "Gaustam" {rElec rF- Slay+2} (You found it on level 4 of the Dungeon)
  4246 | D:4      | Noticed a centaur
  4255 | D:4      | Killed a centaur
  4255 | D:4      | Reached XP level 6. HP: 28/47 MP: 11/11
  4615 | D:5      | Entered Level 5 of the Dungeon
  4933 | D:5      | Reached skill level 7 in Unarmed Combat
  4938 | D:5      | Reached XP level 7. HP: 40/52 MP: 13/13
  6079 | D:6      | Reached skill level 8 in Unarmed Combat
  6101 | D:6      | Reached XP level 8. HP: 11/59 MP: 14/14
  6433 | D:6      | Reached skill level 5 in Transmutations
  6460 | D:6      | Found an iron altar of Okawaru.
  6533 | D:6      | Found a glowing drain.
  6552 | Sewer    | Entered a sewer
  6698 | Sewer    | Found a glowing silver altar of Zin.
  6953 | D:6      | Found a staircase to the Ecumenical Temple.
  7433 | D:7      | Learned a level 5 spell: Blade Hands
  7479 | D:7      | Found Zebat's Antique Armour Shoppe.
  7647 | D:7      | Found a transporter.
  7651 | D:7      | Found a transporter.
  7668 | D:7      | Bought a pair of glowing boots for 165 gold pieces
  7762 | D:7      | Found a sparkling altar of Nemelex Xobeh.
  7765 | D:7      | Noticed Pikel
  7798 | D:7      | Killed Pikel
  7798 | D:7      | Reached skill level 9 in Unarmed Combat
  7849 | D:7      | Noticed Menkaure
  7864 | D:7      | Mangled by Menkaure

Vault maps used:
D:1:      minmay_arrival_hallway, minmay_pentomino_w2
D:2:      zin_statuary, uniq_jessica
D:3:      nicolae_dithmenos_through_a_glass_darkly
D:4:      grunt_gozag_breadcrumbs, serial_park_tiny_pond, fountainhead
D:5:      first_ration
D:6:      minmay_temple_entry_junction, portal_sewer_entry_e,
          kennysheep_okawaru_gauntlet
D:7:      grunt_temple_overflow_open, gammafunk_temple_overflow_arena,
          serial_shops, shop, uniq_pikel, uniq_menkaure
Sewer:    sewer_kobolds

Skill      XL: |  1  2  3  4  5  6  7  8 |
---------------+-------------------------+-----
Fighting       | 1 |  1.0
Dodging        | 2 |  2.0
Unarmed Combat | 3 4 5 6 7 8 9 |  9.2
Spellcasting   | 2 |  2.1
Transmutations | 2 4 6 |  6.5

Action                   |  1- 3 |  4- 6 |  7- 9 || total
-------------------------+-------+-------+-------++-------
Melee: Unarmed           |   182 |   212 |   303 ||   697
       Punch             |     2 |     5 |    10 ||    17
 Fire: Shortbow          |       |       |     4 ||     4
Throw: Throwing net      |     1 |       |       ||     1
       Tomahawk          |       |     4 |     9 ||    13
 Cast: Sticks to Snakes  |       |     1 |       ||     1
  Use: Scroll            |       |       |     7 ||     7
       Potion            |       |       |     3 ||     3
 Stab: Sleeping          |     1 |       |       ||     1
  Eat: Chunk             |     6 |     7 |    10 ||    23
Armor: Robe              |    12 |       |       ||    12
       Leather armour    |    15 |       |       ||    15
       Chain mail        |    18 |    64 |       ||    82
       Scale mail        |       |    47 |   124 ||   171
Dodge: Dodged            |    96 |    66 |    88 ||   250

Table legend:
 A = Spawn XP
 B = Non-spawn XP
 C = Spawn XP percentage of total XP
 D = Spawn monster count
 E = Non-spawn monster count
 F = Spawn count percentage of total count
 G = Total turns spent on level
                    A         B        C        D         E        F      G
               +---------+---------+-------+---------+---------+-------+---------
         Total |       0 |    3008 |   0.0 |       0 |     134 |   0.0 |  7864
               +---------+---------+-------+---------+---------+-------+---------
           D:1 |       0 |      31 |   0.0 |       0 |      18 |   0.0 |  1479
           D:2 |       0 |      58 |   0.0 |       0 |      12 |   0.0 |  1613
           D:3 |       0 |     282 |   0.0 |       0 |      25 |   0.0 |   738
           D:4 |       0 |     194 |   0.0 |       0 |      11 |   0.0 |   826
           D:5 |       0 |     985 |   0.0 |       0 |      27 |   0.0 |  1336
           D:6 |       0 |     556 |   0.0 |       0 |      21 |   0.0 |  1214
           D:7 |       0 |     769 |   0.0 |       0 |       8 |   0.0 |   444
         Sewer |       0 |     133 |   0.0 |       0 |      12 |   0.0 |   214
               +---------+---------+-------+---------+---------+-------+---------
